 Dungeon Crawl Stone Soup version 0.26-a0-67-g850bfe61e3 (webtiles) character file.

Game seed: 11710677095743484164

1471 MarredHen the Covert (level 8, -1/42 HPs)
             Began as a Spriggan Assassin on June 11, 2020.
             Was a Believer of Makhleb.
             Slain by an orc warrior
             ... wielding a +0 battleaxe
              (17 damage)
             ... on level 7 of the Dungeon.
             The game lasted 00:14:31 (7946 turns).

MarredHen the Covert (Spriggan Assassin)            Turns: 7946, Time: 00:14:32

Health: -1/42      AC:  4    Str:  7    XL:     8   Next: 49%
Magic:  9/9        EV: 22    Int: 13    God:    Makhleb [**....]
Gold:   458        SH:  0    Dex: 19    Spells: 7/7 levels left

rFire    . . .     SeeInvis +   C - +3 dagger (venom)
rCold    . . .     Gourm    .   (shield restricted)
rNeg     + . .     Faith    .   b - +0 robe
rPois    .         Spirit   .   (helmet restricted)
rElec    .         Reflect  .   c - +1 cloak
rCorr    .         Harm     .   (gloves unavailable)
MR       +....                  (boots unavailable)
Stlth    +++++.....             (no amulet)
HPRegen  0.14/turn              i - ring of positive energy
MPRegen  0.11/turn              w - +4 ring of slaying

@: very quick
A: very small, unfitting armour, see invisible, herbivore, speed 3, slow
metabolism 2
a: Minor Destruction, Renounce Religion


You were on level 7 of the Dungeon.
You worshipped Makhleb.
Makhleb was pleased with you.
You were hungry.

You visited 1 branch of the dungeon, and saw 7 of its levels.

You collected 458 gold pieces.

Inventory:

Hand Weapons
 C - a +3 dagger of venom (weapon)
Missiles
 d - 19 poisoned darts (quivered)
 e - 2 curare-tipped darts
Armour
 b - a +0 robe (worn)
 c - a +1 cloak (worn)
Jewellery
 i - a ring of positive energy (left hand)
 q - an uncursed ring of ice
 w - a +4 ring of slaying (right hand)
Wands
 r - a wand of acid (5)
Scrolls
 h - 2 scrolls of remove curse
 n - 2 scrolls of teleportation
 x - 2 scrolls of magic mapping
 B - a scroll of fear
 D - a scroll of enchant armour
Potions
 g - 2 potions of mutation
 j - 5 potions of resistance {unknown}
 l - 3 potions of lignification {unknown}
 m - 2 potions of heal wounds {unknown}
 o - a potion of curing
 p - 3 potions of might
 u - a potion of flight {unknown}
 A - a potion of haste {unknown}
Comestibles
 f - 6 rations


   Skills:
 + Level 3.8 Fighting
 + Level 6.0 Short Blades
 + Level 4.5 Throwing
 + Level 6.2 Dodging
 + Level 10.4 Stealth


You had 7 spell levels left.
You didn't know any spells.
Your spell library contained the following spells:

 Spells                   Type           Power        Failure   Level  Hunger
 Sandblast                Erth           #.....       30%         1    ##.....
 Passwall                 Tmut/Erth      #.......     43%         2    ###....
 Stone Arrow              Conj/Erth      #.....       67%         3    ####...
 Petrify                  Tmut/Erth      #.......     97%         4    #####..
 Lee's Rapid Deconstruct  Erth           #.........   100%        5    ######.


Dungeon Overview and Level Annotations

Branches:
Dungeon (7/15)             Temple (0/1) D:6

Altars:
Hepliaklqana
Makhleb
Nemelex Xobeh
Xom

Annotations:
D:5 3 runed translucent doors, MarredHen's ghost, novice GnVM; anet's ghost, novice GnWr


Innate Abilities, Weirdness & Mutations

You are very small and have problems with some larger weapons.
You are too small for most types of armour.
You have supernaturally acute eyesight. (SInv)
You are a herbivore.
You cover ground extremely quickly.
You need to consume almost no food.


Message History

The orc warrior looks as sick as possible!
The orc warrior is moderately wounded.
You hit the orc warrior but do no damage.
The orc warrior looks as sick as possible!
The orc warrior is moderately wounded.
The orc warrior hits you with a +0 battleaxe!
* * * LOW HITPOINT WARNING * * *
There is a stone staircase leading up, spattered with blood here.
Okay, then.
You feel better.
You hit the orc warrior.
The orc warrior is heavily wounded.
The orc warrior misses you.
You hit the orc warrior but do no damage.
The orc warrior looks as sick as possible!
The orc warrior is heavily wounded.
You closely miss the orc warrior.
The orc warrior is almost dead.
The orc warrior hits you with a +0 battleaxe!
You die...

*******,,,,,*,,,,,,,*,,,,,,**,**
,,,,* *,,,,,**,,,,,**,,,,,,,,,,*
,,,** *,,,,,,,,,,,****,,,,,,,,,*
,,,** *,,,**,,,,,,,,*,,,,,,,,,**
,,,,* *,,***,,,,,,,,,,,,,,,,,**
,,******,* *,,,,***,,,..*,,,**
,,,,*,,,,***,,,,,##,....**,**
,,,,,,,,.,,,,,*##.#.....****
,,,,,,,,....####@(....#**
****,,,,,,,#..)o).....#**
,**,,,,,,,,#.(.).#......*
,,,,,*,,,,,#(.#..##.....*
*,**,*,,,,...#####*##..#*
*,***,,,.(..)* **##
,**,,,,,....** ,*,,,,,,...,,****
,,,,,,,,...,,,,,*


You could see an orc warrior (extremely poisoned).

Vanquished Creatures
  An orc warrior (D:6)
  A black bear (D:6)
  2 ogres
  An ice beast (D:6)
  A centaur (D:6)
  Blork the orc (D:5)
  A bullfrog (D:6)
  2 scorpions
  3 crimson imps
  4 orc priests
  A hound (D:6)
  A centaur skeleton (D:6)
  A bullfrog skeleton (D:5)
  An orc wizard (D:6)
  5 worker ants
  A hound zombie (D:5)
  A worker ant zombie (D:6)
  4 gnolls (D:6)
  2 adders
  A shadow imp (D:6)
  An ooze (D:6)
  3 worms
  6 dart slugs
  6 leopard geckos
  26 orcs
  5 bats
  6 giant cockroaches
  9 hobgoblins
  13 jackals
  4 quokkas
  A ball python (D:3)
  6 frilled lizards
  5 goblins
  A jackal skeleton (D:5)
  13 kobolds
  2 leopard gecko skeletons (D:4)
  6 rats
148 creatures vanquished.

Vanquished Creatures (others)
  A withered plant (D:5)
1 creature vanquished.

Grand Total: 149 creatures vanquished

Notes
Turn   | Place    | Note
-------+----------+-------------------------------------------
     0 | D:1      | MarredHen the Spriggan Assassin began the quest for the
                  | Orb.
     0 | D:1      | Reached XP level 1. HP: 10/10 MP: 2/2
   130 | D:1      | Reached skill level 6 in Stealth
   246 | D:1      | Reached XP level 2. HP: 14/14 MP: 3/3
  1187 | D:1      | Reached skill level 7 in Stealth
  1187 | D:1      | Reached XP level 3. HP: 11/18 MP: 4/4
  2031 | D:2      | Reached XP level 4. HP: 23/23 MP: 5/5
  2783 | D:4      | Reached skill level 8 in Stealth
  3437 | D:4      | Found a shimmering altar of Xom.
  3438 | D:4      | Found a burning altar of Makhleb.
  3440 | D:4      | Reached XP level 5. HP: 26/26 MP: 6/6
  3447 | D:4      | Became a worshipper of Makhleb the Destroyer
  3936 | D:5      | Entered Level 5 of the Dungeon
  4159 | D:5      | Reached XP level 6. HP: 28/30 MP: 7/7
  4315 | D:5      | Reached skill level 9 in Stealth
  4664 | D:5      | Reached * piety under Makhleb
  4875 | D:5      | Noticed Blork the orc
  4931 | D:5      | Killed Blork the orc
  4931 | D:5      | Reached XP level 7. HP: 7/35 MP: 8/8
  5486 | D:5      | Reached skill level 5 in Short Blades
  5773 | D:5      | Found a runed translucent gate.
  5803 | D:5      | Found a runed translucent gate.
  5803 | D:5      | Found a runed translucent gate.
  5803 | D:5      | Noticed anet's ghost (novice GnWr)
  5804 | D:5      | Noticed MarredHen's ghost (novice GnVM)
  6581 | D:6      | Reached skill level 5 in Dodging
  6583 | D:6      | Found a staircase to the Ecumenical Temple.
  6961 | D:6      | Reached XP level 8. HP: 40/40 MP: 9/9
  7082 | D:6      | Reached skill level 10 in Stealth
  7222 | D:6      | Found a hazy altar of Hepliaklqana.
  7470 | D:6      | Reached ** piety under Makhleb
  7704 | D:6      | Found a sparkling altar of Nemelex Xobeh.
  7946 | D:7      | Slain by an orc warrior

Illustrated notes

Levels and vault maps discovered:
D:1:      saegor_arrival_simple_d, layout_basic
D:2:      layout_rooms, minmay_puff
D:3:      layout_rooms, first_ration
D:4:      layout_rooms, grunt_temple_overflow_champion_of_chaos,
          kennysheep_potato
D:5:      layout_layer_cave, gammafunk_ghost_cemetery, minmay_fractal_squares_5,
          uniq_blork_the_orc
D:6:      layout_basic, marbit_many_paths, minmay_temple_entry_statues,
          nemelex_dance_club_becter
D:7:      layout_cave_pools, uniq_prince_ribbit1

Skill      XL: |  1  2  3  4  5  6  7  8 |
---------------+-------------------------+-----
Stealth        | 6 7 8 9 10 | 10.4
Short Blades   | 3 4 5 6 |  6.0
Dodging        | 2 3 4 5 6 |  6.2
Fighting       | 2 3 |  3.8
Throwing       | 3 4 |  4.5

Action                   |  1- 3 |  4- 6 |  7- 9 || total
-------------------------+-------+-------+-------++-------
Melee: Dagger            |    34 |       |    73 ||   107
       Short sword       |    68 |   165 |    50 ||   283
Throw: Dart              |       |    30 |    30 ||    60
  Use: Scroll            |     4 |     7 |     6 ||    17
       Potion            |       |       |     1 ||     1
 Stab: Sleeping          |    17 |    13 |     6 ||    36
       Distracted        |     1 |       |     1 ||     2
  Eat: Ration            |       |     1 |     1 ||     2
Armor: Robe              |    17 |    17 |     7 ||    41
Dodge: Dodged            |    55 |   125 |    97 ||   277

Table legend:
 A = Non-vault XP
 B = Vault XP
 C = Vault XP percentage of total XP
 D = Non-vault monster count
 E = Vault monster count
 F = Vault count percentage of total count
                 A         B        C        D         E       F
            +---------+---------+-------+---------+---------+-------
      Total |    1699 |     403 |  19.2 |     132 |      16 |  10.8
            +---------+---------+-------+---------+---------+-------
        D:1 |      41 |       0 |   0.0 |      22 |       0 |   0.0
        D:2 |      46 |      11 |  19.3 |      16 |       5 |  23.8
        D:3 |      41 |       0 |   0.0 |      21 |       0 |   0.0
        D:4 |     136 |      51 |  27.3 |      16 |       2 |  11.1
        D:5 |     481 |     218 |  31.2 |      23 |       7 |  23.3
        D:6 |     936 |     123 |  11.6 |      27 |       2 |   6.9
        D:7 |      18 |       0 |   0.0 |       7 |       0 |   0.0
            +---------+---------+-------+---------+---------+-------
